 Dungeon Crawl Stone Soup version 0.27-a0-773-gaaee5cf45b (webtiles) character file.

Game seed: 14359692956550727394

326 Grognak the Ruffian (level 6, 0/61 HPs)
             Began as a Troll Chaos Knight on Mar 26, 2021.
             Was a Plaything of Xom.
             Slain by a gnoll
             ... wielding a +0 spear
              (5 damage)
             ... on level 4 of the Dungeon.
             The game lasted 00:05:05 (2150 turns).

Grognak the Ruffian (Troll Chaos Knight)            Turns: 2150, Time: 00:05:06

Health: 0/61       AC:  6    Str: 21    XL:     6   Next: 24%
Magic:  5/5        EV: 10    Int:  8    God:    Xom [.....*]
Gold:   781        SH:  0    Dex: 11    Spells: 5/5 levels left

rFire    + . .     SeeInvis .     - Unarmed
rCold    + + .     Faith    .   (no shield)
rNeg     + . .     Spirit   .   c - +2 robe {rN+}
rPois    .         Reflect  .   (helmet restricted)
rElec    .         Harm     .   d - scarf {rC+ rF+}
rCorr    .         Rampage  .   (gloves unavailable)
Will     .....                  (boots unavailable)
Stlth    +.........             (no amulet)
HPRegen  1.20/turn              (no ring)
MPRegen  0.09/turn              (no ring)

@: no status effects
A: large, unfitting armour, claws 3, regeneration 1, shaggy fur 1, tough skin 1,
talons 1, cold resistance 1, screaming 2
a: Renounce Religion


You were on level 4 of the Dungeon.
You worshipped Xom.
You were Xom's teddy bear.
You visited 1 branch of the dungeon, and saw 4 of its levels.

You collected 1248 gold pieces.
You spent 467 gold pieces at shops.

Inventory:

Armour
 c - a +2 robe of positive energy (worn)
 d - a scarf of resistance (worn)
 f - a +1 robe of willpower
Scrolls
 b - 2 scrolls of identify
 e - a scroll of magic mapping
 h - a scroll of enchant weapon
Potions
 g - a potion of degeneration


   Skills:
 * Level 3.4 Fighting
 * Level 2.8 Dodging
 * Level 5.8 Unarmed Combat


You had 5 spell levels left.
You didn't know any spells.
Your spell library contained the following spells:

 Spells                   Type           Power      Damage    Failure   Level
 Foxfire                  Conj/Fire      0%         2x1d4     41%         1
 Confusing Touch          Hex            0%         N/A       78%         3
 Conjure Flame            Conj/Fire      0%         6-21      78%         3
 Gell's Gravitas          Tloc           0%         N/A       78%         3
 Inner Flame              Hex/Fire       0%         N/A       78%         3
 Petrify                  Tmut/Erth      0%         N/A       99%         4
 Sticky Flame             Conj/Fire      0%         2d3       99%         4
 Fireball                 Conj/Fire      0%         3d3       100%        5
 Metabolic Englaciation   Hex/Ice        0%         N/A       100%        5
 Yara's Violent Unravell  Hex/Tmut       0%         3d3       100%        5


Dungeon Overview and Level Annotations

Branches:
Dungeon (4/15)
 Temple: D:4-7

Altars:
Dithmenos
Qazlal
Sif Muna

Shops:
D:1 [[!


Innate Abilities, Weirdness & Mutations

You are too large for most types of armour.
You have claws for hands.
Your natural rate of healing is unusually fast.
You are covered in fur. (AC +1)
You have tough skin. (AC +1)
You have sharp toenails.
Your flesh is cold resistant. (rC+)
You sometimes yell uncontrollably at your foes.


Message History

The kobold hits you but does no damage. The gnoll barely misses you.
You barely miss the kobold. Your kick misses the kobold.
The kobold hits you but does no damage. The gnoll completely misses you.
You mangle the kobold!!
You kill the kobold!
The gnoll hits you from afar with a +0 halberd.
You scratch the gnoll.
The gnoll is severely wounded.
The gnoll hits you with a +0 flail.
You barely miss the gnoll. Your kick misses the gnoll.
The gnoll is severely wounded.
The gnoll hits you from afar with a +0 halberd.
The gnoll hits you but does no damage.
You scratch the gnoll.
You kill the gnoll!
The gnoll barely misses you.
The gnoll hits you from afar with a +0 spear.
The gnoll closely misses you.
Items here: $ )) ?.
The gnoll closely misses you.
The gnoll hits you from afar with a +0 spear.
You claw the gnoll!
The gnoll is severely wounded.
The gnoll completely misses you. The gnoll hits you with a +0 spear!
The gnoll hits you with a +0 halberd!
* * * LOW HITPOINT WARNING * * *
The gnoll hits you but does no damage.
Things that are here:
a wand of charming (9); a +0 flail You barely miss the gnoll.
The gnoll is almost dead.
The gnoll hits you from afar with a +0 spear.
* * * LOW HITPOINT WARNING * * *
The gnoll hits you with a +0 spear.
* * * LOW HITPOINT WARNING * * *
The gnoll misses you.
The gnoll hits you from afar with a +0 spear.
You die...
Xom guffaws!

..#######.#
#.#
#.########
#........#
#.######.#
#.#
..#######.#
...(....g.#
.######@###
##g##


#ggg# #.....# #...(...# #.........# .'.........'. ###.........### ##.......##
You could see 5 gnolls.

Vanquished Creatures
  2 ogres
  A hound skeleton (D:4)
  3 gnolls (D:4)
  3 adders
  An adder skeleton (D:4)
  3 dart slugs
  9 orcs
  6 endoplasms
  3 giant cockroaches
  2 hobgoblins (D:2)
  9 jackals
  A quokka (D:1)
  6 ball pythons
  4 bats
  6 goblins
  4 kobolds
  7 rats
70 creatures vanquished.

Notes
Turn   | Place    | Note
-------+----------+-------------------------------------------
     0 | D:1      | Grognak the Troll Chaos Knight began the quest for the Orb.
     0 | D:1      | Reached XP level 1. HP: 22/22 MP: 0/0
    67 | D:1      | Found Pumeij's Distillery.
    87 | D:1      | Found Kuguleol's Armour Boutique.
   163 | D:1      | Reached XP level 2. HP: 25/29 MP: 1/1
   180 | D:1      | Identified a scroll of acquirement
   180 | D:1      | Acquired 1062 gold pieces
   239 | D:1      | Found Geadym's Armour Boutique.
   250 | D:1      | Bought a +2 robe of positive energy for 147 gold pieces
   250 | D:1      | Bought a scarf of resistance for 320 gold pieces
   358 | D:1      | XOM: silly message
   490 | D:1      | Reached XP level 3. HP: 36/36 MP: 2/2
   644 | D:2      | XOM: god gift: embroidered robe {god gift}
   669 | D:2      | XOM: summons friendly shadow imp
   849 | D:2      | Gained mutation: You occasionally shout uncontrollably at
                  | your foes. [potion of mutation]
   849 | D:2      | Gained mutation: Your flesh is cold resistant. (rC+)
                  | [potion of mutation]
   849 | D:2      | Gained mutation: You sometimes yell uncontrollably at your
                  | foes. [potion of mutation]
   849 | D:2      | Gained mutation: You have sharp toenails. [potion of
                  | mutation]
  1204 | D:2      | Noticed an ogre
  1208 | D:2      | Killed an ogre
  1209 | D:2      | Reached skill level 4 in Unarmed Combat
  1209 | D:2      | Reached XP level 4. HP: 45/45 MP: 3/3
  1213 | D:2      | Reached XP level 5. HP: 53/53 MP: 4/4
  1216 | D:2      | Found a stormy altar of Qazlal.
  1221 | D:2      | Found a shimmering blue altar of Sif Muna.
  1283 | D:3      | XOM: noise
  1383 | D:3      | XOM: 4-stop teleportation journey
  1734 | D:3      | XOM: draining
  1742 | D:3      | XOM is BORED!
  1819 | D:4      | Reached skill level 5 in Unarmed Combat
  1864 | D:4      | XOM: enchant monster (bad)
  1927 | D:4      | Noticed an ogre
  1934 | D:4      | Killed an ogre
  1935 | D:4      | Reached XP level 6. HP: 40/61 MP: 5/5
  1994 | D:4      | XOM: god gift: 27 gold pieces
  2081 | D:4      | Found a shadowy altar of Dithmenos.
  2134 | D:4      | XOM: snakes to sticks
  2135 | D:4      | XOM: god gift: wand of charming (9)
  2150 | D:4      | Slain by a gnoll

Illustrated notes

Levels and vault maps discovered:
D:1:      nagdon_arrival_zigzag_paths, layout_basic, serial_shops, shop,
          shop_statue, nicolae_shop_crystal, supply_closet_lemuel
D:2:      layout_loops_cross, minitemple, dk_noncrumbling_3, grunt_decor_cap
D:3:      layout_rooms
D:4:      layout_loops_corners, minmay_temple_entry_crystal_x,
          nicolae_dithmenos_through_a_glass_darkly

Skill      XL: |  1  2  3  4  5 |
---------------+----------------+-----
Dodging        | 2 |  2.8
Fighting       | 3 |  3.4
Unarmed Combat | 4 5 |  5.8

Action                   |  1- 3 |  4- 6 || total
-------------------------+-------+-------++-------
Melee: Unarmed           |    78 |    76 ||   154
       Kick              |     2 |    16 ||    18
       Punch             |     2 |     2 ||     4
  Use: Scroll            |     4 |     3 ||     7
       Potion            |     3 |     1 ||     4
Armor: Robe              |    24 |    32 ||    56
Dodge: Dodged            |    25 |    43 ||    68

Table legend: (Time is in decaauts)
 A = Elapsed time spent in this place.
 B = Non-inter-level travel time spent in this place.
 C = Inter-level travel time spent in this place.
 D = Time resting spent in this place.
 E = Time spent auto-exploring this place.
 F = Levels seen in this place.
 G = Mean time per level.
                   A        B        C        D        E       F      G
               +--------+--------+--------+--------+--------+-----+--------+
         Total |   2117 |   2061 |     56 |      0 |   1595 |   4 |  529.2 |
       Dungeon |   2117 |   2061 |     56 |      0 |   1595 |   4 |  529.2 |
               +--------+--------+--------+--------+--------+-----+--------+

Top non-repeatable levels by time:
     D:2: 659 daAuts
     D:1: 598 daAuts
     D:3: 472 daAuts
     D:4: 387 daAuts
